[Event "Indian Blitz Championship 2023"]
[Site "Nashik"]
[Date "2024.03.07"]
[Round "11.10"]
[White "Ratnakaran, K.."]
[Black "Jinan Jomon"]
[Result "1-0"]
[ECO "A01"]
[WhiteElo "2258"]
[BlackElo "2380"]
[Annotator "TA"]
[PlyCount "108"]
[EventDate "2024.03.07"]
[EventType "blitz"]
[EventCountry "IND"]
[SourceTitle "playchess.com"]
[Source "ChessBase"]
[SourceQuality "1"]
[TimeControl "180+2"]

1. b3 d5 2. Bb2 Bf5 3. d3 e6 4. Nd2 Nf6 5. g3 Be7 6. Bg2 c6 7. e4 Bg6 8. Ne2 {[%emt 0:00:03] Weiß steht etwas besser.} h6 9. O-O O-O 10. h3 Qb6 11. Kh2 dxe4 12. dxe4 Rd8 13. Qe1 Na6 14. Nc4 Qc7 15. Nf4 Bh7 16. Be5 Qc8 17. Qe2 Nc5 18. Bxf6 Bxf6 19. e5 Be7 20. Rad1 Qc7 {[%emt 0:00:08] Gegen Nd6 gerichtet.} 21. b4 (21. a4 $15) 21... Na4 $17 22. Nd6 Bxd6 $19 23. exd6 Rxd6 24. Qe5 {[%emt 0:00:32] Gegen Nc3 gerichtet.} Rad8 25. Rxd6 (25. c4 $17 {kämpft weiter.} Qe7 26. Rxd6 Qxd6 27. Qa5) 25... Qxd6 (25... Rxd6 $2 26. Rd1 $18) 26. Qa5 Nb6 (26... Bxc2 $19 {Zielt auf ...e5 ab.} 27. Rc1 Bd1 28. Qxa7 Qxb4 29. Rxd1 Rxd1 30. Qa8+ Kh7) 27. Qxa7 $17 {[%emt 0:00:03] [#]} Qc7 {[%emt 0:00:03][%cal Od8a8] Weiss muss nun ...Ra8! beachten.} (27... Qxb4 28. Qxb7 Nd5 (28... Bxc2 29. Qxc6 Rc8 30. Qf3 $15) 29. Qxc6 (29. Qxb4 Nxb4 30. a3 Nxc2 $17) 29... Nxf4 30. Qc7 $15) 28. Qa5 Bxc2 29. Rc1 Bf5 30. b5 c5 31. Qc3 c4 32. Nh5 {[%emt 0:00:04][%csl Gh5][%cal Rc3g7] [#]} e5 33. Re1 (33. a4 {war einen Versuch wert.} Bd3 (33... Nxa4 34. Qxc4 Qxc4 35. Rxc4 $17) 34. a5) 33... f6 34. f4 (34. g4 $142 Rd3 35. Qb4) 34... Bg6 $19 35. Qf3 c3 36. Nxf6+ gxf6 37. fxe5 fxe5 38. Rc1 c2 39. Qg4 Kh7 {[%emt 0:00:01] ...Rd2 ist eine echte Drohung.} 40. h4 Qf7 41. Be4 Rd2+ 42. Kh3 Bxe4 43. Qxe4+ Kh8 44. Rxc2 Qd7+ (44... Qf1+ $142 45. Kg4 Rd4 46. Qxd4 exd4 47. Rc5 d3 48. Rf5 Qd1+ 49. Kf4 d2 50. Rf8+ Kg7 51. Rd8 Qf1+ 52. Ke4 Qe2+ (52... d1=R 53. Rxd1 Qxd1 54. g4 Qd5+ 55. Ke3 Nc4+ 56. Kf2 Qd4+ 57. Kg3 Qe3+ 58. Kg2 Qf4 59. Kh3 Qf3+ 60. Kh2 Ne3 61. h5 Qg2#) 53. Kf4 Nc4 (53... d1=B 54. Rxd1 Qxd1 55. Ke3 Qd5 56. Kf2 Nc4 57. g4 Qd4+ 58. Kg3 Qe3+ 59. Kg2 Qf4 60. Kh3 Qf3+ 61. Kh2 Ne3 62. h5 Qg2#) 54. Rxd2 Qe3+ 55. Kg4 Nxd2 56. Kh3 Ne4 (56... Qe6+ 57. g4 Qe3+ 58. Kh2 Qf2+ 59. Kh3 Ne4 60. h5 Ng5#) 57. Kg4 Nf2+ 58. Kh5 Qe8#) 45. g4 {[%emt 0:00:00] Und Rxd2 würde nun gewinnen.} Qd3+ 46. Qxd3 Rxd3+ {[%emt 0:00:01][%mdl 4096] Endspiel. KRN-KR} 47. Kg2 Nd5 48. Rc8+ Kg7 49. Rb8 $2 (49. Re8) 49... Nf4+ 50. Kf2 Rd7 $2 (50... e4 {Droht ...e3+ und aus.} 51. Rxb7+ Kf8 52. Rb8+ Ke7) 51. a4 $2 (51. Re8) 51... Nd5 (51... Re7 $142 {Und jetzt ...e4 wäre schön.} 52. Kg3 Ne2+ 53. Kf2 Nc3) 52. a5 Nc3 $2 ({Günstiger ist} 52... Nf6 $19 53. Kg3 Kg6) 53. a6 $15 bxa6 ({Doch nicht} 53... Nxb5 $6 54. axb7 (54. Rxb7 Rf7+ 55. Ke3 Nc7 $11) 54... Nd6 55. Rg8+ Kxg8 56. b8=Q+ (56. b8=B $2 {verliert.} Nc4 $19) 56... Kg7 57. Kg3 $14) 54. bxa6 Kf7 $2 {[%emt 0:00:03] Gewichteter Fehlerwert: Weiß=0.82/Schwarz=0.22 (präzise) .  Gewinn verpasst:   	---       	Schwarz=1     Fehler:       	Weiß=6     	Schwarz=2     Ungenau:       	Weiß=2     	Schwarz=1     OK:         	Weiß=10    	Schwarz=24    Bester:       	Weiß=3     	---} (54... Rd2+ $15 {behält die Oberhand.} 55. Ke3 Ra2 56. Rb7+ Kf6 57. Rb6+ Ke7 58. Rxh6 Nb5) 1-0